 Dungeon Crawl Stone Soup version 0.30-b1-2-g02819fbbbe (webtiles) character file.

Game seed: 4509695927397870521

88 ryxuma the Trooper (level 4, -9/40 HPs)
             Began as a Hill Orc Fighter on May 22, 2023.
             Was an Initiate of Wu Jian.
             Killed by nerve-wracking pain
             ... invoked by an orc priest
              (14 damage)
             ... on level 3 of the Dungeon.
             The game lasted 00:11:26 (1873 turns).

ryxuma the Trooper (Hill Orc Fighter)               Turns: 1873, Time: 00:11:26

Health: -9/40      AC: 13    Str: 20    XL:     4   Next: 54%
Magic:  4/4        EV:  9    Int:  8    God:    Wu Jian [......]
Gold:   133        SH:  4    Dex: 10    Spells: 3/3 levels left

rFire   . . .        a - +0 long sword
rCold   . . .        c - +0 buckler
rNeg    . . .        b - +0 scale mail
rPois   .            (no helmet)
rElec   .            (no cloak)
rCorr   .            m - +0 pair of gloves
SInv    .            t - +0 pair of boots
Will    .....        (no amulet) Stlth
                     j - +4 ring of protection
HPRegen 0.26/turn    (no ring)
MPRegen 0.09/turn

%: no passive effects
@: no status effects
A: no striking features
a: Renounce Religion, Convert to Beogh


You were on level 3 of the Dungeon.
You worshipped Wu Jian.
Wu Jian was noncommittal.
You visited 1 branch of the dungeon, and saw 3 of its levels.

You collected 133 gold pieces.

Inventory:

Hand Weapons
 a - a +0 long sword (weapon)
Missiles
 n - 3 poisoned darts (quivered)
 o - 4 boomerangs
Armour
 b - a +0 scale mail (worn)
 c - a +0 buckler (worn)
 k - a +0 robe
 m - a +0 pair of gloves (worn)
 t - a +0 pair of boots (worn)
Magical Staves
 f - a staff of fire
Jewellery
 j - a +4 ring of protection (left hand)
Scrolls
 g - a scroll of magic mapping {unknown}
 i - a scroll of enchant weapon {unknown}
 l - a scroll of blinking
 p - a scroll of acquirement {unknown}
 r - a scroll of torment {unknown}
 s - a scroll of poison {unknown}
Potions
 d - a potion of might
 e - 2 potions of berserk rage {unknown}
 h - 3 potions of curing
 q - a potion of brilliance {unknown}


   Skills:
 + Level 4.3 Fighting
 + Level 3.4 Long Blades
 + Level 4.1 Armour
 + Level 0.1 Dodging
 + Level 3.6 Shields


You had 3 spell levels left.
You didn't know any spells.
Your spell library contained the following spells:

 Spells                   Type           Power      Damage    Failure   Level
 Scorch                   Fire           0%         2d5       92%         2
 Flame Wave               Conj/Fire      0%         2d4       100%        4
 Summon Cactus Giant      Summ           0%         N/A       100%        6


Dungeon Overview and Level Annotations

Branches:
Dungeon (3/15)

Altars:
Nemelex Xobeh
Wu Jian


Message History

There are monsters nearby!
The orc priest mumbles some strange prayers to Beogh against you.
Beogh smites you!
You hear a shout!
An orc is nearby!
An orc is nearby!
You see here 6 stones.
The orc attacks as you move away! The orc hits you but does no damage.
The orc priest miscasts a cantrip.
The orc attacks as you move away! The orc barely misses you.
The orc priest calls down the wrath of Beogh upon you.
Beogh smites you! The orc attacks as you move away!
The orc hits you with a +0 dagger.
* * * LOW HITPOINT WARNING * * *
The orc attacks as you move away! The orc hits you but does no damage.
The orc hits you but does no damage. The orc attacks as you move away!
The orc closely misses you.
Okay, then.
You closely miss the orc. The orc barely misses you.
You barely miss the orc. The orc hits you but does no damage.
You barely miss the orc. The orc hits you with a +0 dagger.
* * * LOW HITPOINT WARNING * * *
The orc barely misses you. The orc priest misses you.
You barely miss the orc. The orc hits you but does no damage.
The orc priest hits you with a +0 whip.
* * * LOW HITPOINT WARNING * * *
The orc priest shouts, "Surrender to Beogh and we'll let you live!"
You slash the orc!
You kill the orc!
The Council accepts your kill. The orc priest barely misses you.
You hit the orc priest.
The orc priest is lightly wounded.
The orc priest hits you with a +0 whip.
* * * LOW HITPOINT WARNING * * *
You hit the orc priest but do no damage.
The orc priest is lightly wounded.
The orc priest calls down the wrath of Beogh upon you.
Pain shoots through your body!
You die...

...............+.....#.....##
+#####.......###....###..###
...# #.......# #.........#
...# #.......# #...#.#...#
...# #.......# ##.##.#.###
...# #.......####.##...#### #
'#[###.........[...)......#...
.#...........####o####........
...........#....@).......##.##
.###########.####.######## #
.# #.# #........ .# #.#
#.####### .# #.# #.# .# #.#
### ## #.# ###


You could see an orc priest.

Vanquished Creatures
  A gnoll (D:1)
  2 adders (D:3)
  2 worms (D:2)
  3 dart slugs
  3 orcs (D:3)
  4 endoplasms
  A giant cockroach (D:2)
  7 goblins
  3 hobgoblins (D:2)
  3 quokkas
  A ball python (D:2)
  3 bats
  5 frilled lizards
  5 kobolds
  2 rats
45 creatures vanquished.

Notes
Turn   | Place    | Note
-------+----------+-------------------------------------------
     0 | D:1      | ryxuma the Hill Orc Fighter began the quest for the Orb.
     0 | D:1      | Reached XP level 1. HP: 19/19 MP: 1/1
    69 | D:1      | Found a faded altar of an unknown god.
   247 | D:1      | Reached XP level 2. HP: 11/27 MP: 2/2
   428 | D:1      | You fall into a shaft and drop 1 floor!
   577 | D:2      | Reached XP level 3. HP: 30/33 MP: 3/3
   806 | D:2      | Found an ornate altar of the Wu Jian Council.
   812 | D:2      | Became a worshipper of the Wu Jian Council
  1217 | D:3      | Found a sparkling altar of Nemelex Xobeh.
  1225 | D:3      | Reached XP level 4. HP: 38/40 MP: 4/4
  1873 | D:3      | Killed from afar by an orc priest

Illustrated notes

Levels and vault maps discovered:
D:1:      giann_wishing_wells, layout_basic, ebering_ecumenical_altar_mist
D:2:      layout_loops_ring, basic_altar, minmay_misc_feat_pillars
D:3:      layout_basic, nemelex_dance_club_becter, xom_confusion_cloud,
          yredelemnul_altar_generic, serial_shops,
          nicolae_shop_tiny_statue_garden, grunt_ministairs_10,
          minmay_fractal_squares_5, uniq_terence

Skill      XL: |  1  2  3 |
---------------+----------+-----
Fighting       | 4 |  4.3
Armour         | 4 |  4.1
Long Blades    | 3 |  3.4
Dodging        | |  0.1
Shields        | |  3.6

Action                     |  1- 3 |  4- 6 || total
---------------------------+-------+-------++-------
  Melee: Long sword        |    99 |    45 ||   144
Ability: Lunge             |     2 |       ||     2
    Use: Scroll            |     1 |       ||     1
 Armour: Scale mail        |    32 |    40 ||    72
  Dodge: Dodged            |    39 |    24 ||    63
  Block: Buckler           |    21 |     8 ||    29
